AoeStats
← ajanderson120

Nomad

510197885Analyzed
4v4 RM · 4d ago on Sep 29, 2026· 49m 12s· 8 players
Game mode
Random Map
Map size
231×231
Population
200
Speed
Normal
Resources
Standard
Victory
Conquest
Starting age
Dark Age
Ending age
Imperial Age
RankedLock teamsTeams togetherTeam positionsShared explorationLock speedFull tech treeHidden civsTurbo modeCheats
Victory
Defeat
🇲🇦 Bohemians · Morocco
1241
+15
🇲🇽 Vikings · Mexico
1197
+17
🇦🇷 Huns · Argentina
1181
+17
🇦🇷 Poles · Argentina
1109
+20
🇯🇴 Wu · Jordan
1257
-19
🇯🇴 Burgundians · Jordan
1248
-19
🇺🇸 Khitans · United States
1233
-18
🇵🇱 Byzantines · Poland
1102
-13
damiansima
5:12 Loom
15:23 Feudal Age
19:17 Castle Age
17:10 Fletching
18:03 Padded Archer Armor
18:38 Bloodlines
19:58 Bodkin Arrow
24:11 Husbandry
27:20 Thumb Ring
31:31 Leather Archer Armor
35:52 Wheelbarrow
36:50 Light Cavalry
37:39 Scale Barding Armor
38:03 Marauders
38:52 Chain Barding Armor
38:43 Forging
45:29 Light Cavalry
49:02 Imperial Age
46:19 Town Watch
46:54 Hand Cart
48:55 Iron Casting
[GDL] Maldito Pantoja
3:12 Loom
14:10 Feudal Age
14:52 Gold Mining
17:32 Double-Bit Axe
17:27 Horse Collar
21:03 Castle Age
19:08 Fletching
21:56 Medium Warships
27:06 Heavy Plow
28:14 Bow Saw
27:55 Stone Mining
30:23 Gold Shaft Mining
31:25 Town Watch
34:58 Imperial Age
33:02 Forging
32:52 Scale Mail Armor
32:56 Squires
32:42 Arson
34:27 Iron Casting
35:06 Chain Mail Armor
35:15 Town Patrol
36:03 Conscription
36:06 Elite Varangian Guard
37:23 Plate Mail Armor
37:53 Blast Furnace
38:05 Blast Furnace
38:50 Bogsveigar
38:56 Chieftains
43:18 Chemistry
48:38 Two-Man Saw
48:09 Crop Rotation
49:37 Caravan
50:07 Coinage
49:28 Heated Shot
49:19 Treadmill Crane
49:49 Masonry
49:30 Guard Tower
49:50 Fortified Wall
49:30 Guard Tower
49:35 Murder Holes
No-One-Knows-Me
3:57 Loom
13:27 Feudal Age
17:16 Castle Age
16:25 Wheelbarrow
16:05 Double-Bit Axe
16:43 Fishing Lines
18:13 Bow Saw
19:12 Town Watch
21:11 Hand Cart
23:11 Horse Collar
24:15 Heavy Plow
31:10 Fervor
31:21 Sanctity
33:57 Imperial Age
32:04 Scale Mail Armor
32:14 Forging
31:46 Pikeman
32:26 Squires
34:11 Halberdier
35:16 Conscription
35:02 Wagenburg Tactics
38:34 Elite Hussite Wagon
42:49 Chemistry
42:30 Atonement
44:17 Houfnice
Monotributista Furioso
5:08 Loom
13:00 Feudal Age
20:53 Castle Age
19:07 Horse Collar
20:52 Double-Bit Axe
20:56 Light Cavalry
21:55 Forging
22:04 Husbandry
26:07 Town Watch
29:05 Bow Saw
30:24 Heavy Plow
30:51 Scale Barding Armor
31:03 Fervor
32:08 Wheelbarrow
31:12 Pikeman
37:51 Redemption
40:12 Sanctity
41:36 Gold Mining
46:12 Imperial Age
45:03 Stone Mining
46:42 Chain Barding Armor
48:03 Hand Cart
48:11 Lechitic Legacy
48:00 Szlachta Privileges
49:52 Iron Casting
ajanderson120
2:55 Loom
14:12 Feudal Age
15:09 Double-Bit Axe
20:36 Castle Age
19:03 Scale Barding Armor
19:08 Forging
20:04 Gold Mining
21:19 Husbandry
24:24 Chain Barding Armor
24:45 Domestication
30:45 Stone Mining
30:41 Fishing Lines
32:01 Bow Saw
35:12 Fletching
35:22 Padded Archer Armor
36:27 Wheelbarrow
37:01 Pastoralism
40:43 Imperial Age
37:59 Heavy Cavalry Archer
40:09 Bodkin Arrow
41:09 Hand Cart
40:39 Town Watch
44:40 Parthian Tactics
44:53 Thumb Ring
46:06 Chemistry
44:47 Treadmill Crane
45:46 Bracer
46:54 Leather Archer Armor
47:16 Iron Casting
48:14 Masonry
48:09 Siege Engineers
tiwaz55
3:24 Loom
13:47 Feudal Age
19:39 Castle Age
19:28 Stone Mining
25:19 Fletching
25:58 Fishing Lines
28:50 Ballistics
31:53 Gillnets
32:16 Double-Bit Axe
36:21 Imperial Age
33:46 Treadmill Crane
34:49 Gold Mining
36:45 Murder Holes
40:00 Chemistry
Wiki
3:07 Loom
13:51 Feudal Age
17:49 Castle Age
16:07 Double-Bit Axe
17:40 Horse Collar
19:43 Fletching
20:50 Gold Mining
25:41 Bow Saw
25:54 Bodkin Arrow
27:00 Padded Archer Armor
29:09 Leather Archer Armor
30:22 Stone Mining
30:48 Pikeman
32:33 Wheelbarrow
33:57 Scale Mail Armor
36:35 Imperial Age
35:14 Ballistics
35:32 Gold Shaft Mining
35:52 Red Cliffs Tactics
36:13 Chain Mail Armor
36:43 Elite Fire Archer
37:45 Conscription
38:42 Bracer
41:09 Two-Man Saw
46:15 Chemistry
45:26 Sitting Tiger
MadCOW
8:02 Loom
11:23 Double-Bit Axe
14:04 Feudal Age
15:20 Bow Saw
16:34 Bow Saw
20:27 Castle Age
20:48 Horse Collar
22:59 Town Watch
24:31 Wheelbarrow
26:47 Fletching
30:27 Wheelbarrow
29:50 Bodkin Arrow
36:24 Scale Barding Armor
40:01 Chain Barding Armor
40:38 Heavy Plow
40:55 Husbandry
41:39 Forging
43:14 Iron Casting
48:19 Imperial Age
46:45 Hand Cart
47:19 Crop Rotation
Connection lost

Rejoining the realm…

Still unreachable

The connection could not be restored.

Session expired

The server has moved on; the page needs a fresh start.